 Dungeon Crawl Stone Soup version 0.21-a0-140-g479285b (webtiles) character file.

182 Gorglomux the Skirmisher (level 5, -2/48 HPs)
             Began as a Hill Orc Ice Elementalist on July 21, 2017.
             Was a Follower of Yredelemnul.
             Slain by a gnoll
             ... wielding a +0 halberd
              (6 damage)
             ... on level 3 of the Dungeon.
             The game lasted 00:05:17 (3164 turns).

Gorglomux the Skirmisher (HOIE)                     Turns: 3164, Time: 00:05:18

Health: -2/48      AC:  3    Str: 12    XL:     5   Next: 62%
Magic:  7/7        EV: 12    Int: 15    God:    Yredelemnul [*.....]
Gold:   32         SH:  0    Dex: 11    Spells: 6/7 levels left

rFire    . . .     SeeInvis .   a - +0 whip (venom)
rCold    . . .     Gourm    .   (no shield)
rNeg     . . .     Faith    .   J - +1 robe
rPois    .         Spirit   .   (no helmet)
rElec    .         Reflect  .   (no cloak)
rCorr    .         Harm     .   (no gloves)
MR       .....                  (no boots)
Stlth    ++........             (no amulet)
HPRegen  0.16/turn              (no ring)
MPRegen  0.10/turn              (no ring)

@: no status effects
A: no striking features
a: Animate Remains, Renounce Religion


You were on level 3 of the Dungeon.
You worshipped Yredelemnul.
Yredelemnul was aware of your devotion.
You were hungry.

You visited 1 branch of the dungeon, and saw 3 of its levels.

You collected 32 gold pieces.

Inventory:

Hand Weapons
 a - a +0 whip of venom (weapon)
Armour
 J - a +1 robe (worn)
Scrolls
 D - a scroll of immolation
 I - a scroll of teleportation {unknown}
 K - a scroll of magic mapping {unknown}
Potions
 d - 2 potions of curing {unknown}
 A - a potion of cancellation
 E - a potion of agility {unknown}
 F - 2 potions of lignification
 H - a potion of haste {unknown}
Books
 b - a book of Frost

   Spells                             Type                      Level
   a - Freeze                         Ice                          1
   b - Throw Frost                    Conjuration/Ice              2
   c - Ozocubu's Armour               Charms/Ice                   3
   d - Throw Icicle                   Conjuration/Ice              4
   e - Summon Ice Beast               Ice/Summoning                4
Comestibles
 c - a bread ration
 z - 2 meat rations
 G - 3 fruits


   Skills:
 - Level 5.2 Fighting
 - Level 2.0 Armour
 - Level 1.5 Dodging
 - Level 1.5 Stealth
 - Level 1.5 Spellcasting
   Level 1.0 Conjurations
 - Level 2.6 Ice Magic
 + Level 2.0 Invocations


You had 6 spell levels left.
You knew the following spells:

 Your Spells              Type           Power        Failure   Level  Hunger
a - Freeze                Ice            #...         8%          1    ##.....


Dungeon Overview and Level Annotations

Branches:
Dungeon (3/15)

Altars:
Qazlal
Vehumet
Yredelemnul


Message History

You annihilate the gnoll!!!
Yredelemnul roars: ANNIHILATED!
Butt's Invocations skill increases to level 2!!!
The gnoll closely misses you!
The gnoll hits butt from afar with a halberd!
You start resting!
The gnoll completely misses you!
You closely miss the gnoll!
You punish the gnoll, causing immense pain!
The butt is poisoned!
The gnoll is lightly wounded!
The butt barely misses you! The gnoll closely misses you!
You punish the gnoll, causing immense pain!
The gnoll is heavily wounded!
The gnoll hits you with a halberd!!!
The gnoll hits you from afar with a halberd!!! * * * don't die
* * * The gnoll hits you from afar with a halberd! rip Your body rises from the dead as a mindless zombie!

§§§§ #.#..#.#.#
§§§§§ #<##.#.#.#
§§§§§§#....#g#g#
§§§§§§#.####.#g#
§######.#....#.#
8#_......g####g#
§######...#g...#
§§§§§§###.#g####
§§§§§§ #.#..@<#
§§§§§§ #.######
§§§§§§ #g#
#######.#.#
.?....#.#
.....#.# #
#..##)#
#...#####.##.#
#...#.....>..#


You could see a gnoll.

Vanquished Creatures
  A crimson imp (D:3)
  A gnoll (D:3)
  8 adders
  A worm (D:2)
  A dart slug (D:1)
  3 orcs (D:3)
  6 bats
  4 giant cockroaches
  4 goblins
  6 hobgoblins (D:1)
  4 jackals (D:2)
  6 kobolds
  4 frilled lizards
  13 rats
62 creatures vanquished.

Vanquished Creatures (collateral kills)
  A bat (D:3)
  A rat (D:3)
2 creatures vanquished.

Vanquished Creatures (others)
  An adder skeleton (D:3)
  An adder zombie (D:3)
  A rat zombie (D:3)
3 creatures vanquished.

Grand Total: 67 creatures vanquished

Notes
Turn   | Place    | Note
-------+----------+-------------------------------------------
     0 | D:1      | Gorglomux the Hill Orc Ice Elementalist began the quest for the Orb.
     0 | D:1      | Reached XP level 1. HP: 14/14 MP: 3/3
   109 | D:1      | Reached skill level 1 in Fighting
   141 | D:1      | Reached XP level 2. HP: 19/23 MP: 1/4
   215 | D:1      | Reached skill level 1 in Armour
   365 | D:1      | Reached skill level 2 in Fighting
   744 | D:1      | Reached XP level 3. HP: 20/29 MP: 5/5
  1179 | D:2      | Found a basalt altar of Yredelemnul.
  1277 | D:2      | Became a worshipper of Yredelemnul the Dark
  1352 | D:2      | Reached skill level 3 in Fighting
  1405 | D:2      | Reached XP level 4. HP: 14/38 MP: 3/6
  2347 | D:2      | Reached skill level 4 in Fighting
  2686 | D:3      | Reached * piety under Yredelemnul
  2747 | D:3      | Reached XP level 5. HP: 33/47 MP: 4/7
  2778 | D:3      | Reached skill level 5 in Fighting
  2940 | D:3      | Found a stormy altar of Qazlal.
  3017 | D:3      | Reached skill level 1 in Invocations
  3042 | D:3      | Found a radiant altar of Vehumet.
  3164 | D:3      | Slain by a gnoll

Vault maps used:
D:1:      dpeg_arrival_line_fractal, minmay_misc_feat_chi
D:2:      lemuel_round_altar, kennysheep_generic_room_2
D:3:      nicolae_qazlal_eye_of_the_storm, lemuel_doored_altar,
          lemuel_crystal_altar, first_bread

Skill      XL: |  1  2  3  4  5 |
---------------+----------------+-----
Fighting       | 1 2 3 4 5 |  5.2
Armour         | 1 2 |  2.0
Invocations    | 2 |  2.0
Dodging        | |  1.5
Stealth        | |  1.5
Spellcasting   | |  1.5
Conjurations   | |  1.0
Ice Magic      | |  2.6

Action                   |  1- 3 |  4- 6 || total
-------------------------+-------+-------++-------
Melee: Dagger            |   108 |    71 ||   179
       Unarmed           |     3 |       ||     3
       Whip              |       |    47 ||    47
 Cast: Freeze            |    15 |    32 ||    47
Invok: Animate Remains   |       |     3 ||     3
  Use: Scroll            |       |     5 ||     5
 Stab: Sleeping          |     2 |     3 ||     5
  Eat: Chunk             |     2 |     7 ||     9
Armor: Robe              |    23 |    19 ||    42
Dodge: Dodged            |    91 |    93 ||   184
